 Dungeon Crawl Stone Soup version 0.12-a0-2966-g7b82cf1 (console) character file.

124245 vogonpoet the Bewitcher (level 16, -5/108 HPs)
             Began as a Vampire Enchanter on Mar 21, 2013.
             Was the Champion of Makhleb.
             Killed by divine providence
             ... invoked by Saint Roka
              (12 damage)
             ... on Level 18 of the Dungeon on Mar 22, 2013.
             The game lasted 04:15:14 (34412 turns).

vogonpoet the Bewitcher (Vampire Enchanter)        Turns: 34412, Time: 04:15:14

HP  -5/108       AC 18     Str  9      XL: 16   Next: 48%
MP  31/42        EV 18     Int 20      God: Makhleb [******]
Gold 1946        SH 12     Dex 13      Spells:  5 memorised, 11 levels left

Res.Fire  : + + .   See Invis. : +   h - +3,+4 dagger (freeze)
Res.Cold  : . . .   Warding    : .   I - +3 leather armour {rF+}
Life Prot.: + . .   Conserve   : .   e - +2 orc buckler
Res.Poison: .       Res.Corr.  : +   i - +2 wizard hat
Res.Elec. : .       Clarity    : .   j - +1 elf cloak
Sust.Abil.: . .     Spirit.Shd : .   L - +3 pair of gloves of Refuge {Dex-1 Stlth++ Res.Mut. : . Stasis : . m - +2 pair of boots Res.Rott. : . Ctrl.Telep.: . D - amulet of resist corrosion Saprovore : . . . Flight : . B - ring of protection from fire o - ring of magical power

@: invisible, very slightly contaminated, quite resistant to hostile
enchantments, extraordinarily stealthy
A: bottle blood, fangs 3, see invisible, unbreathing
a: Bat Form, Bottle Blood, Minor Destruction, Lesser Servant of Makhleb, Major
Destruction, Greater Servant of Makhleb, Renounce Religion


You were on level 18 of the Dungeon.
You worshipped Makhleb.
Makhleb was exalted by your worship.
You were not thirsty.

You visited 3 branches of the dungeon, and saw 30 of its levels.
You also visited: Labyrinth.

You collected 3181 gold pieces.
You spent 1255 gold pieces at shops.

Inventory:

Hand weapons
 h - a +3,+4 dagger of freezing (weapon)
 v - a +0 blowgun
 J - a +1,+3 scimitar of flaming
Missiles
 d - 4 darts (quivered)
 p - 5 curare-tipped needles
 u - 44 poisoned needles
Armour
 e - a +2 orcish buckler (worn)
 i - a +2 wizard hat (worn)
 j - a +1 elven cloak (worn)
 m - a +2 pair of boots (worn)
 I - a +3 leather armour of fire resistance (worn)
 L - the +3 pair of gloves of Refuge (worn) {Dex-1 Stlth++}
   (You found it on level 5 of the Dungeon)

   It affects your dexterity (-1).
   It makes you much more stealthy.
 N - a +2 cap of spirit shield
Magical devices
 c - a wand of hasting (5)
 E - a wand of cold (11)
 P - a wand of disintegration (7) {unknown}
 Q - a wand of invisibility (3)
 T - a wand of digging (3)
Scrolls
 a - 2 scrolls of torment
 b - 2 scrolls of identify
 g - 2 scrolls of remove curse
 q - 3 scrolls of teleportation
 s - 4 scrolls of magic mapping
 t - 2 scrolls of immolation
 z - 3 scrolls of recharging
 C - 3 scrolls of blinking
 F - 3 scrolls of fog
 Y - 2 scrolls of silence
Jewellery
 k - an uncursed ring of teleport control
 o - a ring of magical power (left hand)
 w - a cursed amulet of resist mutation
 y - a +3 ring of dexterity {unknown}
 B - a ring of protection from fire (right hand)
 D - an amulet of resist corrosion (around neck)
 H - a +5 ring of intelligence
 M - an uncursed ring of wizardry
 S - an uncursed ring of teleportation
 U - an uncursed ring of protection from magic
 X - an uncursed ring of protection from cold
Potions
 f - a potion of restore abilities
 n - 6 potions of curing
 r - a potion of invisibility
 x - 2 potions of resistance
 A - a potion of might
 G - a potion of heal wounds
 K - 5 potions of agility
 O - 2 potions of speed
Books
 V - a book of Enchantments

   Spells                             Type                      Level
   Cause Fear                         Hexes                        4
   Silence                            Hexes/Air                    5
   Tukima's Dance                     Hexes                        5
   Deflect Missiles                   Charms/Air                   6
   Haste                              Charms                       6


   Skills:
 - Level 6.0 Fighting
 - Level 10.0 Short Blades
 - Level 0.7 Throwing
 - Level 5.0 Armour
 - Level 12.3 Dodging
 - Level 15.9 Stealth
 - Level 12.0 Stabbing
 - Level 5.0 Shields
 - Level 5.1 Spellcasting
 - Level 17.0 Hexes
 + Level 6.4 Charms
 - Level 5.0 Air Magic
 - Level 15.0 Invocations


You had 11 spell levels left.
You knew the following spells:

 Your Spells              Type           Power        Failure   Level  Hunger
a - Summon Butterflies    Summ           ##.......    14%         1    None
b - Ensorcelled Hibernat  Hex/Ice        ######.      1%          2    None
c - Confuse               Hex            #######..    1%          3    ##.....
i - Invisibility          Hex            #######..    1%          6    #######
r - Repel Missiles        Chrm/Air       #####.....   1%          2    None


Dungeon Overview and Level Annotations

Branches:
Dungeon (18/27)            Temple (0/1) D:7             Orc (4/4) D:9
   Lair (8/8) D:11         Shoals (0/5) Lair:5        Snake (0/5) Lair:5
  Slime (0/6) Lair:8
    Elf: Orc:3-4     Vaults: D:15-20

Altars:
Ashenzari
Cheibriados
Fedhas
Kikubaaqudgha
Makhleb
Okawaru
Sif Muna
Vehumet
Xom
the Shining One
Jiyva

Shops:
D:4: ! D:9: * D:10: ** D:18: = Orc:2: ? Orc:4: [*(?

Annotations
D:16 exclusion: downstairs
D:17 exclusion: Roxanne, Roxanne
D:18 Saint Roka


Innate Abilities, Weirdness & Mutations

You can bottle blood from corpses.
You have razor-sharp teeth.*
You have supernaturally acute eyesight.
You can survive without breathing.*


Message History

Makhleb accepts your collateral kill.
The ogre mage hits your neqoxec!
Saint Roka calls down the wrath of Beogh upon you.
Something smites you!
* * * LOW HITPOINT WARNING * * *
Your neqoxec gestures at the orc warrior.
The ogre mage easily resists.
The ogre mage hits your neqoxec but does no damage.
Your neqoxec hits the ogre mage.
The ogre mage casts a spell at your neqoxec.
Your neqoxec struggles to resist.
The ogre misses your neqoxec.
Saint Roka calls down the wrath of Beogh upon you.
Something smites you!
* * * LOW HITPOINT WARNING * * *
The ogre mage casts a spell at your neqoxec.
Your neqoxec seems to slow down.
Saint Roka invokes the aid of Beogh against you.
Something smites you!
You die...

.......!..((......#
.........(...(....<#
.........(^[oo%oO..#
.........(.).ooO...#
.........(.....3...#
..........o........#
#....................#
#....................#
#........@...........#
#....................#
##...................#
#....................#
#....................#
#....................#
#....................#
#.....(..............#
##...................#


You could see Saint Roka and 2 orc warriors.

Vanquished Creatures
  A minotaur (Lab)
  Erica (D:10)
  Josephine (D:10)
  2 hydras
  2 ogre magi
  A wolf spider zombie (D:14)
  13 death yaks
  An orc high priest (Orc:4)
  A sphinx skeleton (D:16)
  5 centaur warriors
  Erolcha (D:8)
  A skeletal warrior (D:16)
  6 unseen horrors
  A redback zombie (D:10)
  12 hill giants
  A hydra zombie (D:17)
  Pikel (D:9)
  5 orc sorcerers
  Joseph (D:9)
  4 orc knights
  A red wasp (D:18)
  4 griffons
  2 spiny worms (Lair:2)
  3 cyclopes
  A dragon zombie (D:12)
  5 black mambas
  10 elephants
  2 elephant slugs
  A fire crab (D:18)
  27 slime creatures
  A griffon skeleton (D:18)
  A spiny worm zombie (D:16)
  3 orange demons (D:15)
  A hill giant zombie (D:14)
  21 spiny frogs
  19 ugly things
  Psyche (D:9)
  6 trolls
  A queen bee (D:13)
  5 komodo dragons
  Sonja (D:13)
  A snapping turtle (Lair:5)
  A hill giant skeleton (D:16)
  4 wandering mushrooms (D:14)
  A baby alligator (shapeshifter) (D:15)
  3 giant leeches (Lair:8)
  15 blink frogs
  9 two-headed ogres
  2 basilisks
  5 grizzly bears
  3 wraiths
  4 wyverns
  A spectral orc (D:16)
  5 fire drakes
  12 hippogriffs
  55 yaks
  5 sharks
  2 trapdoor spiders
  A hungry ghost (D:8)
  Eustachio (D:5)
  A clay golem (D:17)
  11 vampire mosquitoes
  2 mottled dragons
  Edmund (D:6)
  10 war dogs
  2 boulder beetles
  2 cyclops zombies
  3 soldier ants
  A yaktaur skeleton (D:16)
  2 manticores
  A cyclops skeleton (D:14)
  18 orc warriors
  5 ice beasts
  17 giant goldfish
  3 sky beasts
  A black bear (D:15)
  5 yellow wasps
  17 centaurs
  28 ogres
  2 phantoms
  A boring beetle (Lair:5)
  A naga (Lair:5)
  2 slaves (D:9)
  4 wolves (D:8)
  Sigmund (D:3)
  Duvessa (D:8)
  2 wargs
  3 giant slugs
  13 water moccasins
  4 gnoll sergeants
  4 big kobolds
  15 crocodiles
  31 giant frogs
  2 basilisk zombies (D:10)
  9 agate snails
  A water moccasin zombie (D:8)
  3 basilisk skeletons
  2 oklob saplings (D:14)
  2 killer bee zombies
  13 jellyfish
  38 killer bees
  6 wights
  17 electric eels
  4 shadows
  2 goliath beetles
  10 crimson imps
  Dowan (D:8)
  25 orc priests
  2 big kobold skeletons
  12 big fish
  A gnoll shaman (D:10)
  A hound zombie (D:12)
  22 hounds
  4 hound skeletons
  11 iguanas
  10 worker ants
  12 porcupines
  30 orc wizards
  A worker ant zombie (D:10)
  4 scorpions
  2 sheep (D:11)
  A hound simulacrum (D:8)
  A mottled dragon simulacrum (D:8)
  2 jellies
  2 worker ant simulacra (D:8)
  24 adders
  71 green rats
  11 giant centipedes
  26 gnolls
  6 giant mites
  A scorpion zombie (D:7)
  2 giant centipede zombies
  A goliath beetle simulacrum (D:8)
  An adder skeleton (D:10)
  A white imp (D:8)
  5 worms
  2 ufetubi
  2 bat zombies (D:5)
  A giant eyeball (D:6)
  7 giant geckos
  An ooze (D:2)
  108 orcs
  30 bats
  5 giant cockroaches
  16 hobgoblins
  29 jackals
  13 quokkas
  A giant gecko skeleton (D:7)
  11 giant newts
  4 giant spores
  12 goblins
  A hobgoblin skeleton (D:4)
  A hobgoblin zombie (D:4)
  28 kobolds
  An orc simulacrum (D:8)
  2 orc skeletons
  2 orc zombies
  A quokka skeleton (D:4)
  19 rats
  A rat skeleton (D:4)
  2 rat zombies (D:5)
  11 ballistomycetes
  A plant (Lair:8)
1235 creatures vanquished.

Vanquished Creatures (collateral kills)
  Aizul (D:15)
  A hydra (Lair:6)
  A slime creature (D:16)
  A death yak (Lair:6)
  A centaur warrior (D:18)
  Nergalle (D:16)
  2 skeletal warriors (D:16)
  A hill giant (D:15)
  A two-headed ogre (D:18)
  A hungry ghost (D:15)
  A centaur (D:15)
  An orc warrior (D:18)
  2 giant frogs
  A basilisk skeleton (D:9)
  A killer bee (D:13)
  An orc priest (D:9)
  2 orc wizards
  7 spectral orcs (D:16)
  4 ufetubi (Lair:6)
  A giant eyeball (D:9)
  7 orcs
39 creatures vanquished.

Vanquished Creatures (others)
  A blizzard demon (D:18)
  A hydra (Lair:8)
  3 orange demons
  A hellwing (Lair:6)
  3 smoke demons
  2 two-headed ogres
  2 ynoxinuls
  A neqoxec (D:16)
  A small abomination (D:9)
  A slave (D:9)
  2 wargs (D:18)
  A wight (D:10)
  A hound (D:9)
  A crimson imp (D:9)
  An orc priest (D:17)
  An orc wizard (D:12)
  4 ufetubi (D:16)
  A giant gecko (Lair:4)
  10 orcs
  A jackal (Lair:5)
  A quokka (Lair:5)
  A giant spore (D:6)
  A rat (D:5)
  4 butterflies (D:16)
  6 fungi
  17 plants
69 creatures vanquished.

Grand Total: 1343 creatures vanquished

Notes
Turn   | Place    | Note
--------------------------------------------------------------
     0 | D:1      | vogonpoet, the Vampire Enchanter, began the quest for the Orb.
     0 | D:1      | Reached XP level 1. HP: 13/13 MP: 4/4
   279 | D:1      | Reached XP level 2. HP: 13/19 MP: 5/5
   288 | D:1      | Learned a level 2 spell: Ensorcelled Hibernation
   970 | D:2      | Reached XP level 3. HP: 24/24 MP: 6/6
  1232 | D:2      | Found a burning altar of Makhleb.
  1235 | D:2      | Reached XP level 4. HP: 28/30 MP: 8/8
  1241 | D:2      | Became a worshipper of Makhleb the Destroyer
  1804 | D:3      | Found a snail-covered altar of Cheibriados.
  1908 | D:3      | Reached skill level 5 in Stabbing
  2101 | D:3      | Noticed a giant frog
  2103 | D:3      | Found a shattered altar of Ashenzari.
  2106 | D:3      | Killed a giant frog
  2106 | D:3      | Acquired Makhleb's first power
  2106 | D:3      | Reached skill level 6 in Hexes
  2106 | D:3      | Reached XP level 5. HP: 35/35 MP: 9/9
  2224 | D:3      | Noticed Sigmund
  2228 | D:3      | Killed Sigmund
  2228 | D:3      | Reached skill level 7 in Hexes
  2228 | D:3      | Reached XP level 6. HP: 41/41 MP: 10/10
  2244 | D:3      | Learned a level 3 spell: Confuse
  3012 | D:4      | Found Ranyusus' Distillery.
  3028 | D:4      | Bought a potion of curing for 26 gold pieces
  3028 | D:4      | Bought a potion of heal wounds for 39 gold pieces
  3066 | D:4      | Found a glowing golden altar of the Shining One.
  3214 | D:5      | Entered Level 5 of the Dungeon
  3420 | D:4      | Acquired Makhleb's second power
  3727 | D:5      | Reached XP level 7. HP: 46/46 MP: 9/11
  3816 | D:5      | Found a shimmering altar of Xom.
  3906 | D:5      | Noticed Eustachio
  3912 | D:5      | Killed Eustachio
  3915 | D:5      | Got a pair of slimy gloves
  4017 | D:5      | Found an ancient bone altar of Kikubaaqudgha.
  4168 | D:5      | Got a heavy robe
  4171 | D:5      | Identified the +3 pair of gloves of Refuge {Dex-1 Stlth++} (You found it on level 5 of the Dungeon)
  4177 | D:5      | Identified the +2 robe "Truuha" {+Fly} (You found it on level 5 of the Dungeon)
  4240 | D:6      | Noticed Edmund
  4283 | D:6      | Killed Edmund
  4283 | D:6      | Reached skill level 8 in Stabbing
  4293 | D:6      | Found a radiant altar of Vehumet.
  4334 | D:6      | Acquired Makhleb's third power
  4759 | D:6      | Reached skill level 9 in Stabbing
  4759 | D:6      | Reached XP level 8. HP: 31/52 MP: 13/13
  5319 | D:7      | Reached skill level 10 in Stabbing
  5497 | D:7      | Found a burning altar of Makhleb.
  5545 | D:7      | Found a staircase to the Ecumenical Temple.
  5588 | D:7      | Found an iron altar of Okawaru.
  5589 | D:7      | Acquired Makhleb's fourth power
  5764 | D:7      | Found a shimmering altar of Xom.
  5853 | D:7      | Reached XP level 9. HP: 57/57 MP: 16/16
  5974 | D:8      | Noticed Erolcha
  5989 | D:8      | Killed Erolcha
  5989 | D:8      | Reached skill level 10 in Hexes
  5999 | D:8      | Learned a level 6 spell: Invisibility
  6031 | D:8      | Reached skill level 11 in Hexes
  6152 | D:8      | Found a deep blue altar of Sif Muna.
  6165 | D:8      | Noticed Dowan
  6166 | D:8      | Noticed Duvessa
  6181 | D:8      | Killed Dowan
  6218 | D:8      | Killed Duvessa
  6245 | D:8      | Reached skill level 12 in Hexes
  6307 | D:8      | Found a shattered altar of Ashenzari.
  6475 | D:8      | Reached XP level 10. HP: 63/63 MP: 18/18
  6498 | D:8      | Reached skill level 13 in Hexes
  6524 | D:8      | Found a blossoming altar of Fedhas.
  6541 | D:8      | Acquired Makhleb's fifth power
  7137 | D:9      | Noticed Joseph
  7142 | D:9      | Killed Joseph
  7142 | D:9      | Reached skill level 14 in Hexes
  7288 | D:9      | Found a staircase to the Orcish Mines.
  7299 | D:9      | Noticed Psyche
  7301 | D:9      | Reached skill level 5 in Short Blades
  7301 | D:9      | Reached skill level 15 in Hexes
  7307 | D:9      | Killed Psyche
  7326 | D:9      | Noticed Pikel
  7338 | D:9      | Killed Pikel
  7341 | D:9      | Found Wuat Bro's General Store.
  7879 | D:10     | Entered Level 10 of the Dungeon
  7909 | D:10     | Found Ghapt's General Store.
  7932 | D:10     | Bought a scroll of fog for 24 gold pieces
  8065 | D:10     | Noticed a hill giant
  8074 | D:10     | Killed a hill giant
  8312 | D:10     | Reached XP level 11. HP: 49/68 MP: 18/18
  8425 | D:10     | Reached skill level 10 in Short Blades
  8488 | D:10     | Reached skill level 1 in Invocations
  8556 | D:10     | Noticed Erica
  8579 | D:10     | Killed Erica
  8651 | D:10     | Found Fabbamp's General Store.
  8701 | D:10     | Noticed a centaur warrior
  8723 | D:10     | Killed a centaur warrior
  8723 | D:10     | Reached skill level 5 in Invocations
  9070 | D:10     | Noticed Josephine
  9163 | D:10     | Noticed a hill giant
  9164 | D:10     | Killed Josephine
  9187 | D:10     | Killed a hill giant
  9285 | D:10     | Noticed a centaur warrior
  9298 | D:10     | Killed a centaur warrior
  9920 | D:11     | Reached skill level 10 in Invocations
  9951 | D:11     | Noticed an unseen horror
  9960 | D:11     | Killed an unseen horror
 10060 | D:11     | Reached XP level 12. HP: 74/74 MP: 23/26
 10127 | D:11     | Found a staircase to the Lair.
 10271 | Lair:1   | Entered Level 1 of the Lair of Beasts
 11270 | Lair:2   | Noticed an eight-headed hydra
 11276 | Lair:2   | Killed an eight-headed hydra
 12384 | Lair:3   | Reached skill level 5 in Spellcasting
 12439 | Lair:3   | Found a labyrinth entrance.
 12453 | Lab      | Entered a labyrinth
 13085 | Lab      | Noticed a minotaur
 13088 | Lab      | Killed a minotaur
 14079 | Lair:4   | Reached skill level 5 in Armour
 14666 | Lair:5   | Reached skill level 5 in Dodging
 15048 | Lair:5   | Found a staircase to the Snake Pit.
 15107 | Lair:5   | Reached XP level 13. HP: 79/79 MP: 29/29
 15157 | Lair:5   | Found a staircase to the Shoals.
 16449 | Lair:6   | Reached skill level 16 in Hexes
 17158 | Lair:6   | Reached skill level 17 in Hexes
 17547 | Lair:6   | Noticed a six-headed hydra
 18205 | Lair:6   | Killed a six-headed hydra
 20183 | Lair:8   | Entered Level 8 of the Lair of Beasts
 20292 | Lair:8   | Reached XP level 14. HP: 80/85 MP: 31/31
 20477 | Lair:8   | Reached skill level 15 in Invocations
 21150 | Lair:8   | Found a viscous altar of Jiyva.
 21151 | Lair:8   | Found a staircase to the Slime Pits.
 21278 | Lair:8   | Reached skill level 5 in Stealth
 22483 | Lair:2   | Learned a level 2 spell: Repel Missiles
 22955 | D:12     | Reached skill level 10 in Dodging
 23423 | D:12     | Reached skill level 1 in Charms
 23917 | D:12     | Reached skill level 1 in Air Magic
 23984 | D:12     | Got a silk robe
 24460 | D:12     | Reached XP level 15. HP: 90/90 MP: 32/32
 24787 | D:13     | Reached skill level 5 in Air Magic
 25107 | D:13     | Reached skill level 5 in Charms
 25134 | D:13     | Reached skill level 1 in Shields
 25386 | D:11     | Identified the cursed -2 robe of Circular Logic {rN+ Str+2 Int-1} (You took it off a big kobold on level 12 of the Dungeon)
 25502 | D:13     | Noticed Sonja
 25507 | D:13     | Killed Sonja
 25825 | D:14     | Entered Level 14 of the Dungeon
 26014 | D:14     | Reached skill level 5 in Shields
 26028 | D:14     | Reached skill level 1 in Fighting
 26074 | D:14     | Found a blossoming altar of Fedhas.
 26385 | D:15     | Entered Level 15 of the Dungeon
 26716 | D:15     | Reached skill level 5 in Fighting
 26745 | D:15     | Noticed Aizul
 26994 | D:10     | Upgraded the game from 0.12-a0-2859-g855fd10 to 0.12-a0-2966-g7b82cf1
 27122 | D:15     | Killed Aizul
 27691 | Orc:1    | Entered Level 1 of the Orcish Mines
 27845 | Orc:2    | Found Mnuimois' Magic Scroll Shoppe.
 27860 | Orc:2    | Bought a scroll of teleportation for 42 gold pieces
 27860 | Orc:2    | Bought a scroll of silence for 105 gold pieces
 27860 | Orc:2    | Bought a scroll of blinking for 77 gold pieces
 28551 | Orc:4    | Entered Level 4 of the Orcish Mines
 28847 | Orc:4    | Reached skill level 10 in Stealth
 29147 | Orc:4    | Found Akuuk's Assorted Antiques.
 29147 | Orc:4    | Found Thrisi Reac's Magic Scroll Shoppe.
 29148 | Orc:4    | Found Klih Adghaj's Antique Weapon Shoppe.
 29152 | Orc:4    | Found Kleug's Armour Emporium.
 29199 | Orc:4    | Bought a sedimented orange potion for 27 gold pieces
 29559 | Lair:2   | Learned a level 1 spell: Summon Butterflies
 31248 | D:16     | Reached XP level 16. HP: 108/108 MP: 33/33
 31507 | D:16     | Noticed Nergalle
 31578 | D:16     | Killed Nergalle
 31819 | D:17     | Noticed Roxanne
 32910 | D:18     | Reached skill level 15 in Stealth
 32958 | D:18     | Found Yjox's Jewellery Emporium.
 33478 | D:10     | Bought a book of Enchantments for 750 gold pieces
 33478 | D:10     | Bought a scroll of identify for 30 gold pieces
 33478 | D:10     | Bought a potion of curing for 30 gold pieces
 33478 | D:10     | Bought a potion of resistance for 105 gold pieces
 33890 | D:18     | Noticed Saint Roka
 34412 | D:18     | Killed from afar by Saint Roka

Action                   |  1- 3 |  4- 6 |  7- 9 | 10-12 | 13-15 | 16-18 || total
-------------------------+-------+-------+-------+-------+-------+-------++-------
Melee: Dagger            |   130 |   177 |   395 |   948 |  1693 |   242 ||  3585
Throw: Dart              |       |       |     1 |     5 |    18 |     1 ||    25
 Cast: Ensorcelled Hiber |       |    18 |    56 |   264 |   595 |    47 ||   980
       Confuse           |       |     5 |    30 |    81 |   214 |    33 ||   363
       Invisibility      |       |       |       |       |     6 |     4 ||    10
       Repel Missiles    |       |       |       |       |     9 |     1 ||    10
       Summon Butterflie |       |       |       |       |     1 |       ||     1
Invok: Lesser Servant of |       |       |       |       |    14 |     6 ||    20
       Minor Destruction |       |       |       |       |     4 |       ||     4
       Major Destruction |       |       |       |       |     4 |       ||     4
       Greater Servant o |       |       |       |       |     1 |     2 ||     3
 Abil: End Transformatio |       |     2 |       |     2 |     9 |     1 ||    14
       Bat Form          |       |     2 |       |     2 |     9 |     1 ||    14
       Bottle Blood      |       |       |     7 |     8 |    12 |     3 ||    30
Evoke: Wand              |       |       |       |    11 |     8 |       ||    19
  Use: Potion            |       |       |     5 |     9 |    11 |     2 ||    27
       Scroll            |       |       |     5 |    27 |    12 |       ||    44
 Stab: Sleeping          |    10 |    25 |    39 |   184 |   384 |    45 ||   687
       Distracted        |       |     2 |     1 |     5 |     7 |     2 ||    17
       Confused          |       |     2 |    17 |    44 |    62 |    10 ||   135
       Invisible         |       |       |       |       |    35 |    21 ||    56
